 Dungeon Crawl Stone Soup version 0.30-a0-58-gc0703345a7 (webtiles) character file.

Game seed: 10582348083535777105

11953 Pooter the Cleaver (level 11, -2/101 HPs)
             Began as a Minotaur Berserker on Sept 11, 2022.
             Was an Elder of Trog.
             Slain by Snorg (4 damage)
             ... on level 1 of the Orcish Mines.
             The game lasted 00:43:40 (11216 turns).

Pooter the Cleaver (Minotaur Berserker)            Turns: 11216, Time: 00:43:41

Health: -2/101     AC: 19    Str: 27    XL:     11   Next: 56%
Magic:  10/10      EV:  8    Int:  4    God:    Trog [****..]
Gold:   476        SH:  5    Dex:  9    Spells: 10/10 levels left

rFire   . . .      SeeInvis .    a - +0 war axe
rCold   . . .      Faith    .    (no shield)
rNeg    + . .      Spirit   .    s - +4 plate armour
rPois   .          Reflect  +    K - +2 hat {Will+}
rElec   .          Harm     +    J - scarf {harm}
rCorr   .          Rampage  .    (no gloves)
Will    +++..                    (no boots)
Stlth   ..........               L - amulet of reflection
HPRegen 1.26/turn                N - ring of positive energy
MPRegen 0.12/turn                (no ring)

@: strong-willed, regenerating
A: horns 2, retaliatory headbutt
a: Renounce Religion, Berserk, Trog's Hand, Brothers in Arms


You were on level 1 of the Orcish Mines.
You worshipped Trog.
Trog was greatly pleased with you.
You visited 2 branches of the dungeon, and saw 11 of its levels.

You collected 620 gold pieces.
You spent 144 gold pieces at shops.

Inventory:

Hand Weapons
 a - a +0 war axe (weapon)
   (You took it off an orc warrior on level 6 of the Dungeon)
 b - the +10 arbalest "Sium" {elec, Dex+2}
   (You acquired it on level 9 of the Dungeon)

   Any ammunition fired from it occasionally discharges a powerful burst of
   electricity upon striking a foe.
   Dex:       It affects your dexterity (+2).
 n - the +6 dagger "Acwoz" {antimagic, Int+4}
   (You took it off an orc on level 3 of the Dungeon)

   It reduces the magical energy of the wielder, and disrupts the spells and
   magical abilities of those it strikes.
   Natural abilities and divine invocations are not affected.
   Int:       It affects your intelligence (+4).
 o - the +7 staff of the Meek {protect, meekguard}
   (You found it on level 9 of the Dungeon)

   It grants its wielder temporary protection when it strikes (+7 to AC).
   It provides extra protection to wielders with little health.
 q - a +4 quarterstaff of chaos
   (You took it off Crazy Yiuf on level 3 of the Dungeon)
 t - a +0 halberd
   (You took it off a gnoll on level 5 of the Dungeon)
 w - a +0 hand axe
 C - a +0 trident
   (You took it off an orc on level 7 of the Dungeon)
 E - a +3 scimitar of flaming
   (You took it off Erica on level 9 of the Dungeon)
Missiles
 r - 4 javelins
 y - 18 poisoned darts (quivered)
 A - 4 atropa-tipped darts
 Q - 111 stones
Armour
 s - a +4 plate armour (worn)
   (You found it on level 4 of the Dungeon)
 J - a scarf of harm (worn)
   (You bought it in a shop on level 9 of the Dungeon)
 K - a +2 hat of willpower (worn)
   (You found it on level 9 of the Dungeon)
Jewellery
 f - a ring of ice
   (You found it on level 5 of the Dungeon)
 L - an amulet of reflection (around neck)
   (You found it on level 9 of the Dungeon)
 N - a ring of positive energy (left hand)
   (You found it on level 1 of the Dungeon)
Wands
 l - a wand of polymorph (12)
   (You found it on level 3 of the Dungeon)
 u - a wand of paralysis (4)
   (You found it on level 9 of the Dungeon)
 z - a wand of roots (8)
   (You found it on level 6 of the Dungeon)
Scrolls
 e - a scroll of silence
 j - a scroll of poison {!r}
 k - a scroll of immolation {!r}
 m - 3 scrolls of teleportation {unknown}
 D - a scroll of fear
 F - 5 scrolls of magic mapping
 G - a scroll of noise {unknown}
 I - a scroll of enchant weapon {unknown}
 M - 2 scrolls of fog
Potions
 c - a potion of resistance {unknown}
 d - 2 potions of heal wounds {unknown}
 g - a potion of haste {unknown}
 h - a potion of degeneration {unknown}
 i - 3 potions of flight {unknown}
 p - 3 potions of lignification {unknown}
 v - 3 potions of attraction {unknown}
 x - 6 potions of curing {@q1}
 B - 2 potions of mutation {unknown}
 H - a potion of might {unknown}


   Skills:
 + Level 10.3 Fighting
 + Level 12.3 Axes
 * Level 12.2 Ranged Weapons
 + Level 7.4 Armour
 - Level 2.1 Dodging
 - Level 4.2 Evocations


You had 10 spell levels left.
You didn't know any spells.
Your spell library was empty.

Dungeon Overview and Level Annotations

Branches:
Dungeon (10/15)            Temple (0/1) D:4            Lair (0/5) D:10
    Orc (1/2) D:10

Altars:
Ashenzari
Fedhas
Gozag
Hepliaklqana
Kikubaaqudgha
Okawaru
Qazlal
Sif Muna
Trog
Uskayaw
Vehumet
Wu Jian
Yredelemnul
Zin
The Shining One

Shops:
D:3 :   D:9 *

Annotations:
Orc:1 Snorg


Innate Abilities, Weirdness & Mutations

You have a pair of horns on your head.
You reflexively headbutt those who attack you in melee.


Message History

Lightning courses through Snorg! You block the orc warrior's attack.
The orc warrior barely misses you.
Snorg goes berserk!
You shoot a bolt. The bolt barely misses the orc warrior.
The bolt hits Snorg!!
The orc warrior hits you with a +0 short sword.
The orc warrior barely misses you.
You shoot a bolt. The bolt hits the orc warrior!!
You kill the orc warrior!
Trog accepts your kill. Snorg bites you but does no damage.
You block Snorg's attack. Snorg closely misses you.
You shoot a bolt. The bolt hits Snorg!
Snorg bites you but does no damage. Snorg barely misses you.
Snorg claws you but does no damage. Snorg bites you! Snorg closely misses you.
Snorg claws you! Snorg closely misses you. Snorg claws you!
Snorg claws you but does no damage.
You are too injured to fight recklessly!
Unknown command.
Your skin crawls.
You feel strong-willed. Snorg bites you but does no damage.
Snorg barely misses you. x2
You are too injured to fight recklessly!
You are too injured to fight recklessly!
Unknown command.
Fire: b) +10 arbalest "Sium" {elec, Dex+2}
Aim: Snorg (severely wounded, berserk, 73% to hit)
You shoot a bolt. The bolt barely misses Snorg.
Snorg bites you!!
* * * LOW HITPOINT WARNING * * *
Snorg barely misses you. Snorg claws you but does no damage.
Snorg barely misses you. You furiously retaliate!
You headbutt Snorg. Snorg claws you.
* * * LOW HITPOINT WARNING * * *
Snorg claws you!
* * * LOW HITPOINT WARNING * * *
Snorg completely misses you. Snorg claws you.
* * * LOW HITPOINT WARNING * * *
Snorg claws you.
* * * LOW HITPOINT WARNING * * *
You can't see any enemies this would affect, really read the scroll of fear?
Okay, then.
Aim: Snorg (severely wounded, berserk, chance to affect: 25%) Snorg resists with almost no effort.
Snorg bites you.
* * * LOW HITPOINT WARNING * * *
Snorg completely misses you. You block Snorg's attack.
Unknown command.
Unknown command.
Unknown command.
The +10 arbalest "Sium" {elec, Dex+2} stops crackling.
a - a +0 war axe (weapon)
Snorg bites you.
You die...

.. .. ##### .. ... ##.#.##
.###).. #.....# .......
##..#.## ..).. #......######
... ##..#..##.#.##T##
#...........@..# ..
###.#..##.#......#. .##.
##..#.####.......#.## ...
##.......#.......#...# #.#
#....#............#.####.##
##.##...............^#....##
####.......#..............#
#...........>..........#
##........).....#..<...#


You could see Snorg (berserk).

Vanquished Creatures
  Jorgrun (Orc:1)
  Erolcha (D:10)
  3 two-headed ogres
  A centaur warrior (D:10)
  Erica (D:9)
  Nergalle (D:10)
  A hornet (D:7)
  A shadow (D:9)
  A hog (shapeshifter) (D:9)
  A wraith (D:9)
  9 yaks (D:10)
  5 wyverns
  A basilisk (D:10)
  A warg (D:10)
  5 water moccasins
  4 orc warriors
  A black bear (D:8)
  A sky beast (D:8)
  2 ice beasts
  An ogre (D:7)
  A centaur (D:8)
  2 bullfrogs
  A necrophage (D:6)
  A gnoll sergeant (D:5)
  4 scorpions
  10 wights
  2 howler monkeys (D:7)
  8 orc priests
  A gnoll bouda (D:8)
  5 hounds
  A jelly (D:5)
  Crazy Yiuf (D:3)
  5 iguanas
  4 orc wizards
  Robin (D:4)
  9 gnolls
  11 adders
  A shadow imp (D:7)
  A white imp (D:5)
  An ufetubus (D:4)
  8 worms
  2 dart slugs
  21 orcs
  A bat zombie (D:8)
  6 endoplasms
  18 goblins
  13 hobgoblins
  21 jackals
  5 quokkas
  5 ball pythons
  A bat (D:3)
  3 frilled lizards
  8 kobolds
  5 rats
  A rat zombie (D:8)
230 creatures vanquished.

Vanquished Creatures (others)
  A bush (D:10)
  4 fungi (D:10)
  15 plants (D:10)
20 creatures vanquished.

Grand Total: 250 creatures vanquished

Notes
Turn   | Place    | Note
-------+----------+-------------------------------------------
     0 | D:1      | Pooter the Minotaur Berserker began the quest for the Orb.
     0 | D:1      | Reached XP level 1. HP: 19/19 MP: 0/0
    28 | D:1      | Reached XP level 2. HP: 7/27 MP: 1/1
   599 | D:1      | Found a faded altar of an unknown god.
   718 | D:1      | Reached XP level 3. HP: 33/33 MP: 2/2
   914 | D:1      | Reached ** piety under Trog
  1257 | D:2      | Reached skill level 1 in Ranged Weapons
  1770 | D:2      | Reached skill level 5 in Axes
  1833 | D:2      | Reached XP level 4. HP: 32/41 MP: 3/3
  2339 | D:3      | Noticed a scorpion
  2345 | D:3      | Killed a scorpion
  2346 | D:3      | Reached XP level 5. HP: 47/47 MP: 4/4
  2526 | D:3      | Found Copeulib's Book Boutique.
  2799 | D:3      | Found a runed translucent door.
  2800 | D:3      | Noticed Crazy Yiuf
  2914 | D:3      | Identified the +6 dagger "Acwoz" {antimagic, Int+4}
  3103 | D:3      | Killed Crazy Yiuf
  3104 | D:3      | Reached XP level 6. HP: 46/55 MP: 0/5
  3416 | D:4      | Reached skill level 5 in Fighting
  3426 | D:4      | Found a broken altar of Ashenzari.
  4132 | D:4      | Reached *** piety under Trog
  4164 | D:4      | Noticed Robin
  4173 | D:4      | Killed Robin
  4174 | D:4      | Reached skill level 1 in Evocations
  4347 | D:4      | Found a staircase to the Ecumenical Temple.
  4424 | D:5      | Entered Level 5 of the Dungeon
  4476 | D:5      | Reached XP level 7. HP: 53/61 MP: 6/6
  4641 | D:5      | Found an ornate altar of the Wu Jian Council.
  4870 | D:5      | Found a glowing silver altar of Zin.
  4914 | D:5      | Found a bloodstained altar of Trog.
  4922 | D:5      | Reached skill level 5 in Ranged Weapons
  5170 | D:5      | Found a shimmering blue altar of Sif Muna.
  5365 | D:6      | Reached XP level 8. HP: 66/70 MP: 7/7
  5517 | D:6      | Found an opulent altar of Gozag.
  5561 | D:6      | Found an iron altar of Okawaru.
  5661 | D:6      | Found a stormy altar of Qazlal.
  5714 | D:6      | Identified the +4 leather armour of Hedonism {rC+}
  6608 | D:7      | Found a radiant altar of Vehumet.
  6659 | D:7      | Noticed a hornet
  6659 | D:7      | a kobold brigand changed into a hornet
  6670 | D:7      | Killed a hornet
  6796 | D:7      | Reached XP level 9. HP: 35/71 MP: 8/8
  7280 | D:7      | Found a blossoming altar of Fedhas.
  7696 | D:8      | Found a glowing golden altar of the Shining One.
  7881 | D:8      | Reached skill level 10 in Axes
  7921 | D:8      | Found a hide-covered altar of Uskayaw.
  8444 | D:8      | Found an ancient bone altar of Kikubaaqudgha.
  8456 | D:8      | Found a hazy altar of Hepliaklqana.
  8720 | D:9      | Identified a scroll of acquirement
  8720 | D:9      | Acquired the +10 arbalest "Sium" {elec, Dex+2}
  8940 | D:9      | Noticed Erica
  8945 | D:9      | Killed Erica
  8998 | D:9      | Found Adghurch's Neck Hole.
  9063 | D:9      | Bought a scarf of harm for 144 gold pieces
  9107 | D:9      | Found the +7 staff of the Meek {protect, meekguard}
  9124 | D:9      | Reached XP level 10. HP: 88/88 MP: 9/9
  9536 | D:9      | Noticed a two-headed ogre
  9539 | D:9      | Killed a two-headed ogre
  9581 | D:10     | Entered Level 10 of the Dungeon
  9586 | D:10     | Noticed a centaur warrior
  9588 | D:10     | Killed a centaur warrior
  9589 | D:10     | Reached skill level 10 in Ranged Weapons
  9589 | D:10     | Reached skill level 5 in Armour
  9790 | D:10     | Noticed Erolcha
  9794 | D:10     | Killed Erolcha
  9794 | D:10     | Noticed a two-headed ogre
  9797 | D:10     | Killed a two-headed ogre
  9888 | D:10     | Found a basalt altar of Yredelemnul.
  9905 | D:10     | Reached XP level 11. HP: 97/97 MP: 10/10
 10575 | D:10     | Reached **** piety under Trog
 10762 | D:10     | Found a staircase to the Lair.
 10805 | D:10     | Noticed a two-headed ogre
 10807 | D:10     | Noticed Nergalle
 10813 | D:10     | Killed a two-headed ogre
 10818 | D:10     | Killed Nergalle
 10819 | D:10     | Reached skill level 10 in Fighting
 10889 | D:10     | Found a staircase to the Orcish Mines.
 10913 | Orc:1    | Entered Level 1 of the Orcish Mines
 10921 | Orc:1    | Noticed Jorgrun
 10926 | Orc:1    | Killed Jorgrun
 11206 | Orc:1    | Noticed Snorg
 11214 | Orc:1    | HP: 5/101 [Snorg (6)]
 11214 | Orc:1    | HP: 1/101 [Snorg (4)]
 11216 | Orc:1    | Slain by Snorg

Illustrated notes

Levels and vault maps discovered:
D:1:      psy_arrival_whirlpool, layout_loops_ring, basic_ecumenical_altar
D:2:      minmay_angry_zag, layout_loops_cross
D:3:      layout_basic, serial_shops, shop, uniq_crazy_yiuf_cottage
D:4:      kennysheep_goblin_castle, layout_basic, general_overflow_altar,
          temple_statues
D:5:      layout_loops_cross, mainiacjoe_overflow_alcove_1, zin_scriptorium,
          old_standard_altar, lemuel_crystal_altar
D:6:      layout_loops_ring, grunt_gozag_statues, mainiacjoe_overflow_two_lobes
D:7:      layout_rooms, mainiacjoe_overflow_six_doors_small,
          nicolae_vehumet_altar_sigil
D:8:      layout_basic, eat_drink_and_be_merry_uskayaw,
          mainiacjoe_overflow_small_starburst, mainiacjoe_overflow_catwalk,
          lemuel_zombie_altar_kikubaaqudgha
D:9:      layout_basic, nicolae_shop_sticking_my_neck_out, uniq_erica
D:10:     layout_roguey, mainiacjoe_overflow_paths, bloody_makhleb,
          minmay_lair_entry_grove, david_orc_3, chequers_serial_rivers_micro_c,
          uniq_nergalle, uniq_erolcha
Orc:1:    layout_caves, serial_shops, nicolae_shop_trees,
          ebering_ghost_reflecting_pool, uniq_jorgrun, uniq_snorg

Skill      XL: |  1  2  3  4  5  6  7  8  9 10 11 |
---------------+----------------------------------+-----
Axes           | 4 5 6 7 9 10 11 12 | 12.3
Fighting       | 4 5 6 7 8 9 10 | 10.3
Ranged Weapons | 1 2 3 4 5 7 9 11 12 | 12.2
Evocations     | 1 2 3 4 |  4.2
Armour         | 3 6 7 |  7.4
Dodging        | |  2.1

Action                   |  1- 3 |  4- 6 |  7- 9 | 10-12 || total
-------------------------+-------+-------+-------+-------++-------
Melee: Hand axe          |    61 |    54 |       |       ||   115
       Headbutt          |     7 |    15 |    18 |     2 ||    42
       Dagger            |       |     6 |       |       ||     6
       Quarterstaff      |       |    73 |    44 |    12 ||   129
       War axe           |       |       |   152 |       ||   152
       Punch             |       |       |     2 |       ||     2
 Fire: Sling             |    45 |    52 |     3 |       ||   100
       Shortbow          |       |       |    25 |       ||    25
       Arbalest          |       |       |    15 |    86 ||   101
Throw: Javelin           |       |     3 |     5 |       ||     8
       Stone             |       |     2 |       |       ||     2
       Dart              |       |       |     2 |       ||     2
Invok: Berserk           |       |     5 |     9 |     1 ||    15
       Trog's Hand       |       |     1 |     5 |     3 ||     9
Evoke: Wand              |       |     3 |     2 |     1 ||     6
  Use: Scroll            |     3 |     6 |     8 |       ||    17
       Potion            |       |       |     2 |       ||     2
Armor: Animal skin       |     7 |       |       |       ||     7
       Ring mail         |     1 |    31 |       |       ||    32
       Plate armour      |       |    55 |   146 |    37 ||   238
Dodge: Dodged            |    54 |    76 |    78 |    24 ||   232
Block: Other             |       |       |       |    17 ||    17
       Reflection        |       |       |       |     1 ||     1

Table legend: (Time is in decaauts)
 A = Elapsed time spent in this place.
 B = Non-inter-level travel time spent in this place.
 C = Inter-level travel time spent in this place.
 D = Time resting spent in this place.
 E = Time spent auto-exploring this place.
 F = Levels seen in this place.
 G = Mean time per level.
                   A        B        C        D        E       F      G
               +--------+--------+--------+--------+--------+-----+--------+
         Total |  11494 |  11229 |    265 |   3298 |   6178 |  11 | 1044.9 |
       Dungeon |  11182 |  10917 |    265 |   3052 |   6178 |  10 | 1118.2 |
  Orcish Mines |    312 |    312 |      0 |    246 |      0 |   1 |  312.0 |
               +--------+--------+--------+--------+--------+-----+--------+

Top non-repeatable levels by time:
    D:10: 1382 daAuts
     D:3: 1242 daAuts
     D:8: 1178 daAuts
     D:1: 1169 daAuts
     D:6: 1169 daAuts
     D:7: 1165 daAuts
     D:4: 1087 daAuts
     D:2: 1012 daAuts
     D:9: 963 daAuts
     D:5: 811 daAuts
   Orc:1: 312 daAuts
